 Dungeon Crawl Stone Soup version 0.30-a0-808-g6e0788376e (webtiles) character file.

Game seed: 17882760307765302497

581 runemasterragnar the Chopper (level 7, -2/61 HPs)
             Began as a Hill Orc Monk on Feb 26, 2023.
             Was a Believer of Beogh.
             Killed by divine providence
             ... invoked by an orc priest
              (11 damage)
             ... on level 5 of the Dungeon.
             The game lasted 00:05:58 (4749 turns).

runemasterragnar the Chopper (Hill Orc Monk)        Turns: 4749, Time: 00:05:59

Health: -2/61      AC:  5    Str: 16    XL:     7   Next: 36%
Magic:  5/8        EV: 12    Int: 10    God:    Beogh [**....]
Gold:   193        SH:  0    Dex: 13    Spells: 4/6 levels left

rFire   . . .      SeeInvis .    a - +1 hand axe
rCold   . . .      Faith    .    (no shield)
rNeg    + . .      Spirit   .    f - +0 ring mail
rPois   +          Reflect  .    (no helmet)
rElec   .          Harm     .    (no cloak)
rCorr   .          Rampage  .    (no gloves)
Will    .....                    (no boots)
Stlth   +                        (no amulet)
HPRegen 0.30/turn                i - ring of poison resistance
MPRegen 0.11/turn                p - ring of positive energy

@: no status effects
A: no striking features
a: Renounce Religion, Smiting


You were on level 5 of the Dungeon.
You worshipped Beogh.
Beogh was pleased with you.
You visited 1 branch of the dungeon, and saw 5 of its levels.

You collected 193 gold pieces.

Inventory:

Hand Weapons
 a - a +1 hand axe (weapon)
Armour
 f - a +0 ring mail (worn)
 q - a +0 plate armour
Jewellery
 g - an amulet of guardian spirit
 i - a ring of poison resistance (left hand)
 j - a ring of wizardry
 p - a ring of positive energy (right hand)
Scrolls
 b - a scroll of fear
 e - a scroll of immolation
 n - a scroll of magic mapping
 s - a scroll of fog {unknown}
Potions
 c - a potion of ambrosia
 d - a potion of attraction
 h - 2 potions of haste
 k - a potion of degeneration {unknown}
 l - a potion of cancellation {unknown}
 m - 2 potions of heal wounds
 o - a potion of curing
 r - a potion of might {unknown}


   Skills:
 + Level 5.4 Fighting
 * Level 7.3 Axes
 + Level 3.3 Armour
 + Level 3.6 Dodging
 - Level 1.5 Stealth
 + Level 2.0 Invocations


You had 4 spell levels left.
You knew the following spells:

 Your Spells              Type           Power      Damage    Failure   Level
a - Wereblood             Tmut           0%         N/A       71%         2

Your spell library contained the following spells:

 Spells                   Type           Power      Damage    Failure   Level
 Apportation              Tloc           0%         N/A       56%         1
 Beastly Appendage        Tmut           0%         N/A       56%         1
 Spider Form              Tmut/Pois      0%         N/A       91%         3
 Alistair's Intoxication  Tmut/Pois      0%         N/A       100%        5


Dungeon Overview and Level Annotations

Branches:
Dungeon (5/15)
 Temple: D:4-7

Altars:
Cheibriados
Vehumet


Message History

You barely miss the orc priest. You miss something. x2
You hear some strange, mumbled words.
A magic dart appears from out of thin air!
The magic dart hits you.
* * * LOW HITPOINT WARNING * * *
The orc priest barely misses you. Something hits you.
* * * LOW HITPOINT WARNING * * *
Unknown command.
You feel much better.
The orc priest hits you with a +0 falchion.
Something hits you but does no damage. Something hits you.
Aiming: Smiting
Press: ? - help, Dir - move target, f - orc priest Smite: an orc priest, wielding a +0 falchion and wearing a +0 scale mail You smite the orc priest!
The orc priest is almost dead.
The orc priest mumbles some strange prayers to Beogh against you.
Pain shoots through your body!
You hear some strange, mumbled words.
A magic dart appears from out of thin air!
The magic dart hits you.
* * * LOW HITPOINT WARNING * * *
Something hits you but does no damage.
You hit the orc priest but do no damage.
The orc priest is almost dead.
You miss something. x2; The orc priest completely misses you.
Something hits you.
* * * LOW HITPOINT WARNING * * *
Something hits you.
* * * LOW HITPOINT WARNING * * *
Unknown command.
You barely miss the orc priest. Your punch misses the orc priest.
The orc priest is almost dead.
You hit something but do no damage. You barely miss something.
Something hits you.
* * * LOW HITPOINT WARNING * * *
The orc priest mumbles some strange prayers to Beogh against you.
Beogh smites you!
You die...
Beogh appreciates the orc priest's killing of a heretic priest.

.....## ......# ......#
. ## ......# .##.
.....## ...## #...##
#..# ##### ##.### #...##
##...o### .....##
##.....@.# ......#
##....##{...#
...[..###...#######.....
......##...## #...
.....##...####### ..
#...##....)...... .
#####............
.)....##.........
.....##..........


You could see an orc priest.

Vanquished Creatures
  An ogre (D:5)
  2 necrophages
  A scorpion (D:5)
  An orc priest (D:5)
  An iguana (D:5)
  3 orc wizards
  2 gnolls (D:5)
  10 adders
  A shadow imp (D:5)
  2 white imps (D:5)
  3 worms
  3 dart slugs
  14 orcs
  5 ball pythons
  7 endoplasms
  4 giant cockroaches (D:2)
  4 goblins
  9 hobgoblins
  A quokka (D:2)
  2 bats
  2 frilled lizards
  8 kobolds
  5 rats
91 creatures vanquished.

Vanquished Creatures (others)
  An orc priest (D:5)
  A gnoll (D:5)
  2 orcs (D:5)
  4 withered plants (D:2)
8 creatures vanquished.

Grand Total: 99 creatures vanquished

Notes
Turn   | Place    | Note
-------+----------+-------------------------------------------
     0 | D:1      | runemasterragnar the Hill Orc Monk began the quest for the
                  | Orb.
     0 | D:1      | Reached XP level 1. HP: 19/19 MP: 1/1
   547 | D:1      | Reached XP level 2. HP: 25/27 MP: 2/2
  1226 | D:2      | Reached skill level 1 in Armour
  1230 | D:2      | Reached XP level 3. HP: 32/33 MP: 3/3
  1249 | D:2      | Found a faded altar of an unknown god.
  1286 | D:2      | Learned a level 2 spell: Wereblood
  1518 | D:2      | Reached skill level 5 in Axes
  1518 | D:2      | Reached XP level 4. HP: 36/40 MP: 4/4
  1710 | D:2      | Identified the +0 ring mail of the Unseen Realm {Rampage
                  | Will- Int+4}
  2285 | D:3      | Found Eborr's General Store.
  2348 | D:3      | Reached XP level 5. HP: 39/47 MP: 5/5
  2653 | D:3      | Found a snail-covered altar of Cheibriados.
  2653 | D:3      | Found a radiant altar of Vehumet.
  2670 | D:4      | Noticed an ogre
  2969 | D:4      | Reached skill level 6 in Axes
  3012 | D:4      | Reached XP level 6. HP: 30/55 MP: 6/6
  3318 | D:5      | Entered Level 5 of the Dungeon
  3329 | D:5      | Reached skill level 5 in Fighting
  3481 | D:5      | Became a worshipper of Beogh the Brigand
  3481 | D:5      | Reached * piety under Beogh
  3481 | D:5      | Reached ** piety under Beogh
  3734 | D:5      | Reached skill level 1 in Invocations
  4042 | D:5      | Reached skill level 7 in Axes
  4042 | D:5      | Reached XP level 7. HP: 56/61 MP: 7/7
  4749 | D:5      | Killed from afar by an orc priest

Illustrated notes

Levels and vault maps discovered:
D:1:      lightli_arrival_statue_moat, layout_basic, nicolae_hexahallways
D:2:      layout_basic, ebering_ecumenical_altar_petrified
D:3:      layout_loops_ring, gammafunk_temple_overflow_elements, serial_shops,
          nicolae_shop_advertising_works [nicolae_subvault_shop_adworks]
D:4:      layout_loops_ring, kennysheep_path_1
D:5:      kennysheep_six_static_rooms, layout_cave_pods,
          minmay_temple_entry_metal_lava, grunt_decor_fettered,
          minmay_fractal_squares_gapless_5

Skill      XL: |  1  2  3  4  5  6  7 |
---------------+----------------------+-----
Armour         | 1 2 3 |  3.3
Fighting       | 4 5 |  5.4
Axes           | 5 6 7 |  7.3
Dodging        | 3 |  3.6
Invocations    | 1 2 |  2.0
Stealth        | |  1.5

Action                     |  1- 3 |  4- 6 |  7- 9 || total
---------------------------+-------+-------+-------++-------
  Melee: Hand axe          |   116 |   184 |    56 ||   356
         Punch             |     3 |     3 |     1 ||     7
 Invoke: Convert to Beogh  |       |     1 |       ||     1
         Smiting           |       |       |     2 ||     2
    Use: Scroll            |     1 |    11 |       ||    12
         Potion            |       |     1 |     1 ||     2
   Stab: Sleeping          |     2 |     1 |       ||     3
 Armour: Ring mail         |    39 |    55 |    17 ||   111
         Robe              |     2 |       |       ||     2
  Dodge: Dodged            |    63 |   101 |    29 ||   193

Table legend: (Time is in decaauts)
 A = Elapsed time spent in this place.
 B = Non-inter-level travel time spent in this place.
 C = Inter-level travel time spent in this place.
 D = Time resting spent in this place.
 E = Time spent auto-exploring this place.
 F = Levels seen in this place.
 G = Mean time per level.
                   A        B        C        D        E       F      G
               +--------+--------+--------+--------+--------+-----+--------+
         Total |   4754 |   4653 |    101 |    994 |   2887 |   5 |  950.8 |
       Dungeon |   4754 |   4653 |    101 |    994 |   2887 |   5 |  950.8 |
               +--------+--------+--------+--------+--------+-----+--------+

Top non-repeatable levels by time:
     D:5: 1413 daAuts
     D:1: 1217 daAuts
     D:3: 825 daAuts
     D:2: 707 daAuts
     D:4: 589 daAuts
